 Dungeon Crawl Stone Soup version 0.18-a0-990-g74cdb39 (webtiles) character file.

64 M4edhros the Charlatan (level 4, -4/28 HPs)
             Began as an Octopode Artificer on Jan 4, 2016.
             Slain by an ogre
             ... wielding a +0 giant spiked club
              (32 damage)
             ... on level 4 of the Dungeon.
             The game lasted 00:02:08 (1615 turns).

M4edhros the Charlatan (Octopode Artificer)         Turns: 1615, Time: 00:02:08

Health: -4/28      AC:  1    Str: 10    XL:     4   Next: 12%
Magic:  7/7        EV: 13    Int: 15    God:
Gold:   93         SH:  0    Dex: 12    Spells: 0 memorised, 3 levels left

rFire  + . .     SeeInvis .     a - +0 short sword
rCold  . . .     Gourm    .     (no shield)
rNeg   . . .     Faith    .     (helmet restricted)
rPois  .         Spirit   .     (no amulet)
rElec  .         Dismiss  .     p - ring of protection from fire
rCorr  .         Reflect  .     (no ring)
SustAt .         Harm     .     (no ring)
MR     .....                    (no ring)
Stlth  +++.......               (no ring)
                                (no ring)
                                (no ring)
                                (no ring)

@: not resistant to hostile enchantments, fairly stealthy
A: almost no armour, amphibious, 8 rings, constrict 8, camouflage 1, gelatinous
body 1
a: no special abilities


You were on level 4 of the Dungeon.
You were not hungry.

You visited 1 branch of the dungeon, and saw 4 of its levels.

You collected 93 gold pieces.

Inventory:

Hand Weapons
 a - a +0 short sword (weapon)
Missiles
 e - 58 stones (quivered)
Jewellery
 p - a ring of protection from fire (left tentacle)
Wands
 b - a wand of flame (11/48)
 c - a wand of enslavement (13/24)
 d - a wand of random effects (11/48)
Scrolls
 g - a scroll of magic mapping {unknown}
 h - a scroll of fear {unknown}
 i - a scroll of immolation {unknown}
 j - a scroll of teleportation {unknown}
 k - 3 scrolls of remove curse {unknown}
 m - 2 scrolls of amnesia {unknown}
 n - a scroll of enchant weapon {unknown}
 o - 2 scrolls of identify {unknown}
Potions
 l - a potion of might {unknown}
Comestibles
 f - 2 bread rations


   Skills:
 - Level 1.0 Fighting
 - Level 1.0 Short Blades
 * Level 3.1 Dodging
 * Level 3.2 Stealth
 + Level 4.0 Evocations


You had 3 spell levels left.
You didn't know any spells.

Dungeon Overview and Level Annotations

Branches:
Dungeon (4/15)
 Temple: D:4-7

Altars:
Makhleb
Nemelex Xobeh
Trog


Innate Abilities, Weirdness & Mutations

You cannot wear most types of armour.
You are amphibious.
You can wear up to eight rings at the same time.
You can use your tentacles to constrict eight enemies at once.
Your skin changes colour to match your surroundings (Stealth).
Your rubbery body absorbs attacks (AC +1).


Message History

You puncture the quokka!
You kill the quokka!
No target in view!
No target in view!
No target in view!
No target in view!
No target in view!
No target in view!
An ogre comes into view. It is wielding a giant spiked club.
Found a viscous ruby potion.
The ogre shouts!
Found 17 stones.
You hit the ogre.
The ogre is lightly wounded.
The ogre barely misses you.
You hit the ogre. You squeeze the ogre, but do no damage.
The ogre is moderately wounded.
The ogre hits you with a giant spiked club!!
Ouch! That really hurt!
You die...

##..#.#....#.##.#
....#.#....#....
....#.#.##+#..###.
##.<#............. #
##.##..........######.#
............##.....!..#
##...........#........#
######.......#........#
# #####.#....@O....# #
#.#.###.#.#.... # #...#
#...# . # ##### ##..# #
..# . .(# ..# ...


You could see an ogre.

Vanquished Creatures
  2 adders (D:2)
  A gnoll (D:2)
  A giant gecko (D:4)
  6 orcs (D:3)
  A giant cockroach (D:3)
  2 goblins
  4 hobgoblins
  2 jackals (D:1)
  A quokka (D:4)
  2 bats
  3 giant newts
  2 kobolds
  4 rats
31 creatures vanquished.

Vanquished Creatures (others)
  A gnoll (D:2)
  A jackal (D:1)
2 creatures vanquished.

Grand Total: 33 creatures vanquished

Notes
Turn   | Place    | Note
--------------------------------------------------------------
     0 | D:1      | M4edhros the Octopode Artificer began the quest for the Orb.
     0 | D:1      | Reached XP level 1. HP: 13/13 MP: 3/3
   348 | D:1      | Reached XP level 2. HP: 9/18 MP: 4/4
   754 | D:2      | Reached XP level 3. HP: 5/23 MP: 5/5
  1107 | D:3      | Found a burning altar of Makhleb.
  1138 | D:3      | Found a sparkling altar of Nemelex Xobeh.
  1152 | D:3      | Found a faded altar to an unknown god.
  1327 | D:3      | Reached skill level 4 in Evocations
  1327 | D:3      | Reached XP level 4. HP: 15/28 MP: 5/7
  1521 | D:4      | Found a bloodstained altar of Trog.
  1610 | D:4      | Noticed an ogre
  1615 | D:4      | Slain by an ogre

Vault maps used:
D:1:      dpeg_arrival_leaves_temple_mockup
D:2:      serial_bayou_pond_e, grunt_ministairs_9, corexii_hall_statues_x
D:3:      lemuel_upstairs_altar, lemuel_doored_altar, ecumenical_altar_1,
          first_bread, nemelex_lonely_heart_becter
D:4:      overflow_temple_1_default

Action                   |  1- 3 |  4- 6 || total
-------------------------+-------+-------++-------
Melee: Short sword       |    51 |    14 ||    65
Evoke: Wand              |    10 |       ||    10
 Stab: Sleeping          |     3 |     2 ||     5
  Eat: Chunk             |     1 |     1 ||     2
